2180 views
Uploaded 2023-03-24 02:07:11
Game version 1.35 (6115)
30:53 long 3on3 ladder game on (8)Battleground_LV
Saved by Cabeelibob
2180 views
Uploaded 2023-03-24 02:07:11
Game version 1.35 (6115)
30:53 long 3on3 ladder game on (8)Battleground_LV


91 units @ 9.4k
/ 1.8k
169 buildings @ 10.8k
/ 5.5k


| Peasant | 14 | 1050 | / | 0 |
| Flying Machine | 27 | 2700 | / | 810 |
| Mortar Team | 3 | 540 | / | 210 |
| Dragonhawk Rider | 3 | 600 | / | 90 |
| Priest | 3 | 405 | / | 30 |
| total: | 50 | 5295g | / | 1140w |
| Scout Tower | 48 | 1440 | / | 960 |
| Arcane Tower | 8 | 560 | / | 400 |
| Guard Tower | 14 | 980 | / | 700 |
| Altar of Kings | 1 | 180 | / | 50 |
| Farm | 12 | 960 | / | 240 |
| Lumber Mill | 1 | 120 | / | 0 |
| Blacksmith | 1 | 140 | / | 60 |
| Arcane Vault | 1 | 130 | / | 30 |
| Cannon Tower | 1 | 120 | / | 100 |
| Workshop | 3 | 420 | / | 420 |
| Gryphon Aviary | 1 | 140 | / | 150 |
| Arcane Sanctum | 1 | 150 | / | 140 |
| Keep | 1 | 320 | / | 210 |
| Castle | 1 | 360 | / | 210 |
| total: | 69 | 3680g | / | 2050w |
| 0:03 | Peasant |
| 0:03 | Peasant |
| 0:07 | Altar of Kings |
| 0:14 | Farm |
| 0:15 | Farm |
| 0:29 | Peasant |
| 0:30 | Peasant |
| 0:40 | Peasant |
| 1:15 | Peasant |
| 1:15 | Peasant |
| 1:15 | Peasant |
| 1:28 | Scout Tower |
| 1:33 | Scout Tower |
| 1:35 | Peasant |
| 1:35 | Peasant |
| 1:42 | Lumber Mill |
| 1:44 | Scout Tower |
| 1:45 | Peasant |
| 1:51 | Scout Tower |
| 1:59 | Arcane Tower |
| 2:01 | Scout Tower |
| 2:19 | Storm Bolt |
| 2:25 | Scout Tower |
| 2:27 | Peasant |
| 2:27 | Peasant |
| 2:28 | Peasant |
| 2:33 | Scout Tower |
| 2:38 | Scout Tower |
| 2:48 | Guard Tower |
| 2:53 | Scout Tower |
| 3:25 | Guard Tower |
| 3:34 | Keep |
| 3:40 | Arcane Tower |
| 3:45 | Blacksmith |
| 4:01 | Scout Tower |
| 4:02 | Scout Tower |
| 4:04 | Guard Tower |
| 4:05 | Guard Tower |
| 4:11 | Farm |
| 4:32 | Improved Lumber Harvesting |
| 4:32 | Improved Masonry |
| 4:36 | Farm |
| 4:49 | Guard Tower |
| 4:52 | Scout Tower |
| 4:52 | Scout Tower |
| 4:58 | Black Gunpowder |
| 5:01 | Farm |
| 5:07 | Scout Tower |
| 5:08 | Scout Tower |
| 5:09 | Scout Tower |
| 5:09 | Scout Tower |
| 5:19 | Guard Tower |
| 5:20 | Guard Tower |
| 5:32 | Scout Tower |
| 5:33 | Scout Tower |
| 6:05 | Castle |
| 6:14 | Refined Gunpowder |
| 6:24 | Workshop |
| 6:34 | Workshop |
| 6:38 | Workshop |
| 6:59 | Advanced Lumber Harvesting |
| 7:06 | Holy Light |
| 7:10 | Bash |
| 7:31 | Iron Plating |
| 7:36 | Flak Cannons |
| 7:36 | Flying Machine |
| 7:36 | Flying Machine |
| 7:39 | Farm |
| 7:40 | Farm |
| 7:42 | Advanced Masonry |
| 7:46 | Flying Machine |
| 7:47 | Flying Machine |
| 7:49 | Flying Machine |
| 7:49 | Flying Machine |
| 7:53 | Farm |
| 8:01 | Arcane Tower |
| 8:03 | Arcane Tower |
| 8:08 | Cannon Tower |
| 8:20 | Arcane Tower |
| 8:26 | Flying Machine |
| 8:27 | Flying Machine Bombs |
| 8:40 | Farm |
| 9:00 | Flying Machine |
| 9:01 | Flying Machine |
| 9:08 | Imbued Gunpowder |
| 9:24 | Gryphon Aviary |
| 9:32 | Farm |
| 9:48 | Imbued Masonry |
| 9:51 | Flying Machine |
| 9:53 | Flying Machine |
| 10:06 | Mortar Team |
| 11:08 | Mortar Team |
| 11:35 | Arcane Vault |
| 11:58 | Mortar Team |
| 12:03 | Farm |
| 13:13 | Flying Machine |
| 13:13 | Flying Machine |
| 13:13 | Flying Machine |
| 13:23 | Steel Plating |
| 14:56 | Flying Machine |
| 14:56 | Flying Machine |
| 15:11 | Flying Machine |
| 15:11 | Flying Machine |
| 15:32 | Flying Machine |
| 15:56 | Flying Machine |
| 18:21 | Scout Tower |
| 18:22 | Scout Tower |
| 18:22 | Scout Tower |
| 18:24 | Scout Tower |
| 18:24 | Scout Tower |
| 18:25 | Scout Tower |
| 18:26 | Scout Tower |
| 18:27 | Scout Tower |
| 18:28 | Scout Tower |
| 18:57 | Guard Tower |
| 19:00 | Scout Tower |
| 19:01 | Scout Tower |
| 19:02 | Scout Tower |
| 19:03 | Scout Tower |
| 19:06 | Scout Tower |
| 19:06 | Scout Tower |
| 19:07 | Scout Tower |
| 19:08 | Scout Tower |
| 19:10 | Guard Tower |
| 19:28 | Guard Tower |
| 21:17 | Flying Machine |
| 21:17 | Flying Machine |
| 21:17 | Flying Machine |
| 21:17 | Flying Machine |
| 21:18 | Flying Machine |
| 21:18 | Flying Machine |
| 21:18 | Flying Machine |
| 21:21 | Cloud |
| 21:21 | Dragonhawk Rider |
| 21:21 | Dragonhawk Rider |
| 21:21 | Dragonhawk Rider |
| 21:27 | Arcane Sanctum |
| 21:39 | Scout Tower |
| 21:40 | Scout Tower |
| 21:40 | Scout Tower |
| 21:42 | Scout Tower |
| 21:43 | Guard Tower |
| 21:58 | Priest |
| 21:58 | Priest |
| 21:58 | Priest |
| 22:03 | Scout Tower |
| 22:15 | Farm |
| 22:52 | Arcane Tower |
| 22:53 | Arcane Tower |
| 22:54 | Arcane Tower |
| 22:55 | Guard Tower |
| 23:48 | Guard Tower |
| 23:56 | Priest Adept Training |
| 24:34 | Scout Tower |
| 24:34 | Scout Tower |
| 24:37 | Scout Tower |
| 24:37 | Scout Tower |
| 24:37 | Scout Tower |
| 24:38 | Scout Tower |
| 24:38 | Scout Tower |
| 25:04 | Holy Light |
| 27:13 | Guard Tower |
| 29:50 | Divine Shield |
| Right click | 1891 |
| Select group | 1484 |
| Select | 434 |
| Build/train/purchase | 115 |
| Assign group | 22 |
| Minimap ping | 19 |
| Use ability | 11 |
| Resource trade | 11 |
| Esc | 3 |
DudeWhy
(236)
(30:50) : 


| Peasant | 20 | 1500 | / | 0 |
| Mortar Team | 10 | 1800 | / | 700 |
| total: | 30 | 3300g | / | 700w |
| Scout Tower | 69 | 2070 | / | 1380 |
| Arcane Tower | 2 | 140 | / | 100 |
| Guard Tower | 17 | 1190 | / | 850 |
| Altar of Kings | 2 | 360 | / | 100 |
| Farm | 9 | 720 | / | 180 |
| Lumber Mill | 1 | 120 | / | 0 |
| Town Hall | 1 | 385 | / | 205 |
| Blacksmith | 1 | 140 | / | 60 |
| Cannon Tower | 1 | 120 | / | 100 |
| Workshop | 4 | 560 | / | 560 |
| Keep | 1 | 320 | / | 210 |
| Castle | 1 | 360 | / | 210 |
| total: | 87 | 4355g | / | 2485w |
| 0:03 | Peasant |
| 0:03 | Peasant |
| 0:16 | Peasant |
| 0:20 | Altar of Kings |
| 0:21 | Peasant |
| 0:31 | Peasant |
| 0:34 | Farm |
| 0:35 | Peasant |
| 0:49 | Lumber Mill |
| 0:51 | Peasant |
| 1:07 | Peasant |
| 1:11 | Farm |
| 1:12 | Farm |
| 1:14 | Peasant |
| 1:35 | Peasant |
| 1:45 | Scout Tower |
| 1:50 | Scout Tower |
| 1:51 | Scout Tower |
| 1:52 | Peasant |
| 2:04 | Scout Tower |
| 2:06 | Peasant |
| 2:15 | Arcane Tower |
| 2:17 | Scout Tower |
| 2:20 | Arcane Tower |
| 2:23 | Peasant |
| 2:26 | Storm Bolt |
| 2:41 | Guard Tower |
| 3:26 | Town Hall |
| 3:36 | Scout Tower |
| 3:37 | Scout Tower |
| 3:39 | Scout Tower |
| 3:40 | Scout Tower |
| 3:40 | Scout Tower |
| 3:42 | Guard Tower |
| 3:43 | Scout Tower |
| 3:51 | Peasant |
| 3:51 | Peasant |
| 4:34 | Guard Tower |
| 4:36 | Scout Tower |
| 4:37 | Scout Tower |
| 4:42 | Scout Tower |
| 4:42 | Scout Tower |
| 4:43 | Scout Tower |
| 4:56 | Peasant |
| 5:01 | Peasant |
| 5:15 | Guard Tower |
| 5:20 | Scout Tower |
| 5:20 | Scout Tower |
| 5:24 | Scout Tower |
| 5:30 | Scout Tower |
| 5:31 | Scout Tower |
| 5:32 | Scout Tower |
| 5:33 | Guard Tower |
| 5:44 | Peasant |
| 5:44 | Peasant |
| 5:46 | Improved Lumber Harvesting |
| 5:46 | Improved Masonry |
| 5:58 | Keep |
| 6:06 | Peasant |
| 6:17 | Guard Tower |
| 6:25 | Scout Tower |
| 6:26 | Scout Tower |
| 6:32 | Guard Tower |
| 6:53 | Guard Tower |
| 7:31 | Guard Tower |
| 7:32 | Guard Tower |
| 7:47 | Blacksmith |
| 7:49 | Scout Tower |
| 7:51 | Scout Tower |
| 8:33 | Scout Tower |
| 8:34 | Scout Tower |
| 8:34 | Scout Tower |
| 8:41 | Scout Tower |
| 8:43 | Scout Tower |
| 8:44 | Scout Tower |
| 8:48 | Guard Tower |
| 9:06 | Scout Tower |
| 9:08 | Guard Tower |
| 9:11 | Scout Tower |
| 9:14 | Scout Tower |
| 9:15 | Scout Tower |
| 9:15 | Scout Tower |
| 9:17 | Scout Tower |
| 9:18 | Scout Tower |
| 9:28 | Castle |
| 9:33 | Holy Light |
| 9:36 | Advanced Lumber Harvesting |
| 9:36 | Advanced Masonry |
| 9:57 | Guard Tower |
| 11:41 | Workshop |
| 11:42 | Workshop |
| 12:22 | Scout Tower |
| 12:23 | Scout Tower |
| 12:23 | Scout Tower |
| 12:24 | Scout Tower |
| 12:24 | Scout Tower |
| 12:25 | Scout Tower |
| 12:40 | Scout Tower |
| 13:33 | Guard Tower |
| 13:34 | Scout Tower |
| 13:36 | Scout Tower |
| 13:36 | Scout Tower |
| 13:37 | Scout Tower |
| 13:38 | Scout Tower |
| 13:38 | Scout Tower |
| 13:39 | Scout Tower |
| 13:40 | Scout Tower |
| 13:43 | Imbued Masonry |
| 13:48 | Flak Cannons |
| 13:49 | Flare |
| 13:50 | Fragmentation Shards |
| 13:50 | Mortar Team |
| 13:51 | Mortar Team |
| 13:54 | Farm |
| 13:55 | Farm |
| 13:56 | Farm |
| 13:57 | Farm |
| 13:58 | Farm |
| 13:59 | Farm |
| 14:26 | Black Gunpowder |
| 14:29 | Guard Tower |
| 14:30 | Scout Tower |
| 14:31 | Scout Tower |
| 14:33 | Scout Tower |
| 15:16 | Guard Tower |
| 17:32 | Mortar Team |
| 17:38 | Divine Shield |
| 18:08 | Mortar Team |
| 18:40 | Storm Bolt |
| 18:41 | Divine Shield |
| 18:43 | Storm Bolt |
| 19:55 | Mortar Team |
| 19:55 | Mortar Team |
| 20:12 | Altar of Kings |
| 20:13 | Workshop |
| 20:14 | Workshop |
| 21:59 | Mortar Team |
| 21:59 | Mortar Team |
| 23:50 | Scout Tower |
| 23:50 | Scout Tower |
| 23:51 | Scout Tower |
| 23:51 | Scout Tower |
| 23:52 | Scout Tower |
| 23:53 | Scout Tower |
| 25:09 | Guard Tower |
| 26:09 | Scout Tower |
| 26:11 | Scout Tower |
| 26:15 | Scout Tower |
| 26:16 | Scout Tower |
| 26:16 | Scout Tower |
| 26:17 | Scout Tower |
| 26:33 | Bash |
| 26:36 | Holy Light |
| 26:44 | Cannon Tower |
| 27:30 | Mortar Team |
| 27:31 | Mortar Team |
| 28:50 | Blizzard |
| Right click | 1736 |
| Select group | 997 |
| Select | 461 |
| Misc. action | 143 |
| Use ability | 90 |
| Build/train/purchase | 86 |
| Resource trade | 64 |
| Assign group | 24 |
| Minimap ping | 2 |
| Remove unit | 1 |
| Esc | 1 |
Cabeelibob
(194)
(30:50) : 
| Lesser Clarity Potion | 1 | 70 |
| Healing Salve | 1 | 100 |
| Boots of Speed | 1 | 250 |
| total: | 3 | 420g |
| Peon | 11 | 825 | / | 0 |
| total: | 11 | 825g | / | 0w |
| Watch Tower | 1 | 110 | / | 80 |
| Altar of Storms | 3 | 540 | / | 150 |
| Orc Burrow | 4 | 640 | / | 160 |
| War Mill | 1 | 205 | / | 0 |
| Voodoo Lounge | 1 | 130 | / | 30 |
| Great Hall | 3 | 1155 | / | 555 |
| Stronghold | 1 | 315 | / | 190 |
| Fortress | 1 | 325 | / | 190 |
| total: | 13 | 2780g | / | 975w |
| 0:04 | Altar of Storms |
| 0:05 | Altar of Storms |
| 0:11 | Orc Burrow |
| 0:12 | Peon |
| 0:12 | Peon |
| 0:25 | Peon |
| 0:56 | Peon |
| 1:00 | War Mill |
| 1:07 | Orc Burrow |
| 1:30 | Peon |
| 1:30 | Peon |
| 1:57 | Voodoo Lounge |
| 2:02 | Peon |
| 2:10 | Wind Walk |
| 4:22 | Lesser Clarity Potion |
| 4:23 | Healing Salve |
| 4:32 | Watch Tower |
| 4:40 | Orc Burrow |
| 6:07 | Peon |
| 6:07 | Peon |
| 6:07 | Peon |
| 6:07 | Peon |
| 7:25 | Orc Burrow |
| 7:37 | Critical Strike |
| 7:39 | Bash |
| 8:03 | Great Hall |
| 9:11 | Great Hall |
| 10:25 | Boots of Speed |
| 18:01 | Brilliance Aura |
| 18:25 | Critical Strike |
| 23:53 | Great Hall |
| 25:53 | Altar of Storms |
| 26:32 | Stronghold |
| 29:14 | Fortress |
| 29:51 | Wind Walk |
| Right click | 1447 |
| Select | 230 |
| Misc. action | 107 |
| Select group | 93 |
| Build/train/purchase | 64 |
| Resource trade | 53 |
| Use ability | 23 |
| Minimap ping | 11 |
| Assign group | 9 |
| Item give/drop | 3 |
120 units @ 17.7k
/ 2.6k
62 buildings @ 9.2k
/ 3.6k

| Staff of Preservation | 1 | 150 |
| Dust of Appearance | 1 | 75 |
| Scroll of Town Portal | 2 | 700 |
| Orb of Fire | 1 | 325 |
| total: | 5 | 1250g |
| Wisp | 20 | 1200 | / | 0 |
| Archer | 9 | 1170 | / | 90 |
| Glaive Thrower | 4 | 840 | / | 260 |
| Mountain Giant | 5 | 1750 | / | 500 |
| Faerie Dragon | 3 | 465 | / | 75 |
| Forest Troll Shadow Priest | 1 | 195 | / | 10 |
| total: | 42 | 5620g | / | 935w |
| Ancient Protector | 1 | 135 | / | 80 |
| Moon Well | 8 | 1440 | / | 320 |
| Altar of Elders | 1 | 180 | / | 50 |
| Ancient of War | 2 | 300 | / | 120 |
| Ancient of Wonders | 2 | 180 | / | 60 |
| Hunter's Hall | 1 | 210 | / | 100 |
| Tree of Life | 2 | 680 | / | 370 |
| Ancient of Lore | 1 | 155 | / | 145 |
| Ancient of Wind | 1 | 150 | / | 140 |
| Tree of Ages | 2 | 640 | / | 360 |
| Tree of Eternity | 1 | 330 | / | 200 |
| total: | 19 | 3430g | / | 1385w |
| 0:02 | Wisp |
| 0:02 | Wisp |
| 0:19 | Moon Well |
| 0:21 | Wisp |
| 0:27 | Wisp |
| 0:32 | Altar of Elders |
| 0:43 | Wisp |
| 0:52 | Wisp |
| 1:01 | Ancient of War |
| 1:13 | Wisp |
| 1:40 | Wisp |
| 1:47 | Moon Well |
| 1:55 | Ancient of Wonders |
| 2:05 | Archer |
| 2:16 | Wisp |
| 2:19 | Moon Well |
| 2:30 | Archer |
| 2:37 | Archer |
| 2:54 | Archer |
| 2:57 | Wisp |
| 2:59 | Mana Burn |
| 3:11 | Archer |
| 3:24 | Wisp |
| 3:43 | Wisp |
| 3:43 | Wisp |
| 3:52 | Archer |
| 4:36 | Tree of Ages |
| 4:40 | Archer |
| 4:48 | Archer |
| 4:51 | Dust of Appearance |
| 5:16 | Moon Well |
| 5:32 | Evasion |
| 5:38 | Hunter's Hall |
| 5:51 | Archer |
| 6:28 | Forest Troll Shadow Priest |
| 6:41 | Mana Burn |
| 6:48 | Glaive Thrower |
| 6:48 | Glaive Thrower |
| 7:13 | Improved Bows |
| 7:15 | Moon Well |
| 7:21 | Scroll of Town Portal |
| 7:52 | Ancient of Lore |
| 8:56 | Glaive Thrower |
| 9:18 | Strength of the Moon |
| 9:19 | Mountain Giant |
| 9:34 | Ancient of Wind |
| 11:14 | Evasion |
| 11:25 | Mountain Giant |
| 12:22 | Mountain Giant |
| 12:23 | Faerie Dragon |
| 12:23 | Faerie Dragon |
| 12:27 | Tree of Life |
| 12:37 | Moon Well |
| 12:39 | Improved Strength of the Moon |
| 12:41 | Vorpal Blades |
| 13:17 | Faerie Dragon |
| 13:39 | Mountain Giant |
| 13:58 | Moon Well |
| 14:26 | Ancient of Wonders |
| 14:36 | Scroll of Town Portal |
| 15:57 | Tree of Eternity |
| 16:00 | Staff of Preservation |
| 16:25 | Mountain Giant |
| 16:30 | Glaive Thrower |
| 17:02 | Moon Armor |
| 18:18 | Tree of Ages |
| 20:52 | Wisp |
| 20:52 | Wisp |
| 20:52 | Wisp |
| 20:52 | Wisp |
| 21:25 | Wisp |
| 22:23 | Ancient of War |
| 23:10 | Wisp |
| 23:11 | Wisp |
| 23:24 | Orb of Fire |
| 23:48 | Reinforced Hides |
| 25:15 | Tree of Life |
| 25:17 | Moon Well |
| 25:18 | Ancient Protector |
| Right click | 498 |
| Select group | 412 |
| Select | 364 |
| Build/train/purchase | 78 |
| Misc. action | 51 |
| Use ability | 44 |
| Assign group | 31 |
| Minimap ping | 21 |
| Resource trade | 4 |
| Item give/drop | 2 |



| Healing Salve | 2 | 200 |
| total: | 2 | 200g |
| Peon | 8 | 600 | / | 0 |
| Troll Headhunter | 9 | 1260 | / | 180 |
| Demolisher | 5 | 1100 | / | 250 |
| total: | 22 | 2960g | / | 430w |
| Altar of Storms | 1 | 180 | / | 50 |
| Orc Burrow | 7 | 1120 | / | 280 |
| War Mill | 1 | 205 | / | 0 |
| Barracks | 3 | 540 | / | 150 |
| Voodoo Lounge | 1 | 130 | / | 30 |
| Great Hall | 1 | 385 | / | 185 |
| Stronghold | 1 | 315 | / | 190 |
| Fortress | 2 | 650 | / | 380 |
| total: | 14 | 2560g | / | 695w |
| 0:02 | Peon |
| 0:03 | Peon |
| 0:05 | Altar of Storms |
| 0:19 | Orc Burrow |
| 0:21 | Peon |
| 0:31 | Peon |
| 0:49 | Peon |
| 1:05 | War Mill |
| 1:19 | Barracks |
| 1:26 | Peon |
| 1:43 | Orc Burrow |
| 1:49 | Peon |
| 1:49 | Peon |
| 2:10 | Feral Spirit |
| 2:20 | Troll Headhunter |
| 2:33 | Troll Headhunter |
| 2:51 | Troll Headhunter |
| 3:09 | Troll Headhunter |
| 3:20 | Stronghold |
| 3:31 | Troll Headhunter |
| 3:42 | Chain Lighting |
| 3:45 | Voodoo Lounge |
| 3:58 | Orc Burrow |
| 4:13 | Troll Headhunter |
| 4:26 | Troll Headhunter |
| 4:55 | Troll Headhunter |
| 5:36 | Troll Headhunter |
| 5:43 | Healing Salve |
| 5:45 | Feral Spirit |
| 5:47 | Troll Regeneration |
| 6:01 | Healing Salve |
| 6:22 | Fortress |
| 6:41 | Barracks |
| 6:43 | Barracks |
| 6:56 | Serpent Ward |
| 7:11 | Reinforced Defenses |
| 7:12 | Steel Ranged Weapons |
| 7:15 | Orc Burrow |
| 7:31 | Orc Burrow |
| 9:11 | Burning Oil |
| 9:11 | Berserker Upgrade |
| 9:48 | Demolisher |
| 10:18 | Chain Lighting |
| 10:23 | Summon Lava Spawn |
| 10:34 | Demolisher |
| 10:35 | Thorium Ranged Weapons |
| 10:48 | Demolisher |
| 11:16 | Orc Burrow |
| 11:19 | Orc Burrow |
| 12:31 | Demolisher |
| 13:38 | Demolisher |
| 13:42 | Arcanite Ranged Weapons |
| 15:18 | Great Hall |
| 16:15 | Healing Wave |
| 19:39 | Incinerate |
| 20:13 | Serpent Ward |
| Right click | 1247 |
| Select group | 956 |
| Select | 272 |
| Build/train/purchase | 88 |
| Use ability | 54 |
| Assign group | 34 |
| Misc. action | 31 |
| Minimap ping | 9 |
| Item give/drop | 2 |
| Remove unit | 2 |



| Scroll of Regeneration | 1 | 100 |
| Potion of Healing | 1 | 150 |
| Scroll of Town Portal | 3 | 1050 |
| total: | 5 | 1300g |
| Peasant | 10 | 750 | / | 0 |
| Rifleman | 12 | 2460 | / | 360 |
| Priest | 16 | 2160 | / | 160 |
| Spell Breaker | 4 | 860 | / | 120 |
| Knight | 8 | 1960 | / | 480 |
| Sorceress | 6 | 930 | / | 120 |
| total: | 56 | 9120g | / | 1240w |
| Scout Tower | 11 | 330 | / | 220 |
| Arcane Tower | 1 | 70 | / | 50 |
| Guard Tower | 9 | 630 | / | 450 |
| Altar of Kings | 1 | 180 | / | 50 |
| Farm | 7 | 560 | / | 140 |
| Barracks | 2 | 320 | / | 120 |
| Blacksmith | 1 | 140 | / | 60 |
| Arcane Vault | 1 | 130 | / | 30 |
| Lumber Mill | 1 | 120 | / | 0 |
| Town Hall | 2 | 770 | / | 410 |
| Arcane Sanctum | 2 | 300 | / | 280 |
| Keep | 1 | 320 | / | 210 |
| Castle | 1 | 360 | / | 210 |
| Great Hall | 1 | 385 | / | 185 |
| total: | 29 | 3235g | / | 1495w |
| 0:12 | Altar of Kings |
| 0:18 | Farm |
| 0:19 | Peasant |
| 0:19 | Peasant |
| 0:19 | Peasant |
| 0:19 | Peasant |
| 0:19 | Peasant |
| 0:20 | Peasant |
| 0:32 | Peasant |
| 0:51 | Peasant |
| 1:19 | Barracks |
| 1:33 | Scout Tower |
| 1:34 | Peasant |
| 1:39 | Peasant |
| 1:59 | Arcane Tower |
| 2:04 | Blacksmith |
| 2:12 | Summon Water Elemental |
| 2:23 | Farm |
| 3:06 | Arcane Vault |
| 3:10 | Keep |
| 3:16 | Rifleman |
| 3:16 | Rifleman |
| 3:21 | Farm |
| 3:27 | Rifleman |
| 3:52 | Rifleman |
| 4:07 | Farm |
| 4:24 | Rifleman |
| 4:43 | Studded Leather Armor |
| 4:50 | Brilliance Aura |
| 5:01 | Lumber Mill |
| 5:06 | Farm |
| 5:41 | Arcane Sanctum |
| 6:05 | Improved Lumber Harvesting |
| 6:05 | Improved Masonry |
| 6:10 | Arcane Sanctum |
| 6:18 | Blizzard |
| 6:25 | Scroll of Regeneration |
| 6:27 | Long Rifles |
| 6:39 | Black Gunpowder |
| 7:09 | Priest |
| 7:09 | Priest |
| 7:10 | Priest |
| 7:17 | Farm |
| 7:34 | Spell Breaker |
| 7:34 | Spell Breaker |
| 7:34 | Spell Breaker |
| 7:39 | Scout Tower |
| 7:57 | Priest Adept Training |
| 8:30 | Guard Tower |
| 8:32 | Iron Plating |
| 8:39 | Farm |
| 8:43 | Spell Breaker |
| 8:44 | Priest |
| 9:16 | Castle |
| 9:50 | Barracks |
| 9:53 | Sorceress Adept Training |
| 10:01 | Blizzard |
| 11:42 | Animal War Training |
| 11:48 | Priest |
| 11:49 | Priest |
| 11:52 | Knight |
| 11:52 | Knight |
| 11:57 | Scout Tower |
| 12:22 | Knight |
| 12:26 | Guard Tower |
| 12:32 | Priest Master Training |
| 12:46 | Holy Light |
| 13:10 | Knight |
| 13:57 | Rifleman |
| 14:00 | Sorceress Master Training |
| 14:01 | Sorceress |
| 14:15 | Town Hall |
| 14:32 | Devotion Aura |
| 14:47 | Scout Tower |
| 15:12 | Advanced Lumber Harvesting |
| 15:13 | Advanced Masonry |
| 16:27 | Scout Tower |
| 17:09 | Guard Tower |
| 17:14 | Scout Tower |
| 17:22 | Scout Tower |
| 17:25 | Rifleman |
| 17:26 | Rifleman |
| 17:31 | Guard Tower |
| 17:51 | Guard Tower |
| 17:58 | Priest |
| 18:00 | Sorceress |
| 18:07 | Town Hall |
| 18:21 | Scroll of Town Portal |
| 18:25 | Scout Tower |
| 19:04 | Guard Tower |
| 19:07 | Scout Tower |
| 19:21 | Summon Water Elemental |
| 19:51 | Guard Tower |
| 19:54 | Scout Tower |
| 21:08 | Priest |
| 21:08 | Priest |
| 21:11 | Priest |
| 21:15 | Guard Tower |
| 21:17 | Scout Tower |
| 21:33 | Iron Forged Swords |
| 21:39 | Scroll of Town Portal |
| 21:48 | Rifleman |
| 21:50 | Knight |
| 21:53 | Sorceress |
| 22:07 | Guard Tower |
| 22:17 | Knight |
| 22:21 | Sorceress |
| 23:11 | Rifleman |
| 25:17 | Storm Bolt |
| 25:29 | Priest |
| 25:44 | Bash |
| 26:59 | Great Hall |
| 27:11 | Priest |
| 27:11 | Priest |
| 27:14 | Sorceress |
| 27:21 | Scroll of Town Portal |
| 29:12 | Rifleman |
| 29:12 | Rifleman |
| 29:14 | Priest |
| 29:43 | Priest |
| 30:17 | Priest |
| 30:18 | Knight |
| 30:20 | Knight |
| 30:22 | Sorceress |
| 30:41 | Potion of Healing |
| Select | 534 |
| Right click | 326 |
| Misc. action | 146 |
| Build/train/purchase | 120 |
| Use ability | 53 |
| Resource trade | 9 |
| Item give/drop | 2 |
| Remove unit | 1 |
| Esc | 1 |
⇛